Cogmind - Beta 9.6 *** ADVENTURER MODE // 2020.07.11 @ 23:33:53 Player: lcbb_tuk Result: Destroyed by G-47 Trooper with Particle Gun Performance ------------- Evolutions (2) 1000 Regions Visited (3) 600 Robots Destroyed (69) 345 Value Destroyed (1625) 1625 Prototype IDs (0) 0 Alien Tech Used (0) 0 Bonus (57) 57 TOTAL SCORE: 3627 Bonus ------- High Alert Combat Kills 57 Cogmind --------- Core Integrity 0/550 Matter 90/300 Energy 100/100 System Corruption 0% Temperature Cool (45) Movement Core (300) Ox5 Location -8/Materials Parts ------- > --- POWER (3) -------- (None) > --- PROPULSION (3) --- (None) > --- UTILITY (3) ------ Large Storage Unit > --- WEAPON (2) ------- (None) > --- INVENTORY (10) --- Faulty Heavy Ion Engine Heavy Ion Engine Improved Medium Armor Plating Improved Medium Armor Plating Improved Medium Armor Plating Hardlight Generator Peak State ------------ > --- POWER ------------ Improved Ion Engine Improved Ion Engine Light Deuterium Engine > --- PROPULSION ------- Medium Treads Medium Treads Medium Treads > --- UTILITY ---------- Cooling System Large Storage Unit Improved Medium Armor Plating > --- WEAPON ----------- Heavy Assault Rifle Heavy Assault Rifle > --- INVENTORY -------- Ion Engine Heavy Ion Engine Heavy Ion Engine Medium Treads Aluminum Leg Improved Medium Armor Plating Improved Medium Armor Plating Improved Medium Armor Plating Medium Laser Light Assault Rifle [Rating: 32] Favorites ----------- Power Ion Engine Engine Ion Engine Propulsion Medium Treads Treads Medium Treads Leg Aluminum Leg Hover Unit Airjet Utility Utility Shielding Device Cooling System Storage Large Storage Unit Hackware Hacking Suite Protection Utility Shielding Weapon Heavy Assault Rifle Energy Gun Small Laser Ballistic Gun Heavy Assault Rifle Launcher Grenade Launcher Build | -11 -10 -9 -8 ------- Run | Scr Mat Mat Mat Slots Evolved 4 | . . 2 2 Power 2 | . . 1 1 Propulsion 1 | . . 1 . Utility 1 | . . . 1 Weapon . | . . . . Parts Attached 57 | 7 10 25 15 Power 14 | 2 1 8 3 Engine 14 | 2 1 8 3 Core . | . . . . Reactor . | . . . . Propulsion 20 | 2 4 9 5 Treads 7 | 2 1 . 4 Leg 7 | . 2 4 1 Wheel . | . . . . Hover 6 | . 1 5 . Flight . | . . . . Utility 9 | 1 2 2 4 Device 1 | . . 1 . Storage 4 | 1 1 1 1 Processor . | . . . . Hackware 1 | . . . 1 Protection 3 | . 1 . 2 Artifact . | . . . . Weapon 14 | 2 3 6 3 Energy Gun 4 | . 2 . 2 Energy Cannon . | . . . . Ballistic Gun 9 | 2 . 6 1 Ballistic Cannon . | . . . . Launcher 1 | . 1 . . Special Weapon . | . . . . Impact Weapon . | . . . . Slashing Weapon . | . . . . Piercing Weapon . | . . . . Special Melee Weapon . | . . . . Unidentified Prototypes . | . . . . Parts Lost 24 | . 1 8 15 Power 4 | . . 1 3 Propulsion 10 | . 1 4 5 Utility 2 | . . . 2 Weapon 8 | . . 3 5 Highest Loss Streak 12 | . 1 4 12 Average Slot Usage (%) 85 | . 95 83 82 Engine 18 | . 14 20 19 Treads 8 | . 15 . 17 Leg 7 | . 4 10 6 Hover 5 | . 4 9 . Device 3 | . . 3 7 Storage 11 | . 14 11 9 Protection 8 | . 13 7 5 Energy Gun 2 | . 7 1 . Ballistic Gun 17 | . 15 20 14 Naked Turns . | . . . . Heaviest Build 50 | 12 16 34 50 Greatest Support 84 | 40 40 33 84 Greatest Overweight (x) 11 | 1 4 11 5 Average Overweight (x) . | . 1 1 . Largest Inventory Capacity 14 | 6 8 10 14 Average Capacity 8 | 4 6 8 10 Most Carried 10 | 1 6 8 10 Average Carried 5 | . 2 5 7 Final Capacity 10 | 6 8 10 10 Final Carried 6 | 1 6 6 6 Class Distribution -------------------- 58% | Mutant 41% | Scavenger-Mutant Dominant Class ---------------- Mutant | -10/Materials Mutant | -9/Materials Scavenger-Mutant | -8/Materials Resources | -11 -10 -9 -8 ----------- Run | Scr Mat Mat Mat Matter Collected 1308 | 173 231 721 183 Remotely . | . . . . Salvage Created 2562 | . 252 1746 564 Parts 168 | . 14 116 38 Haulers Intercepted 4 | . . 4 . Recyclers Shooed 3 | . . 3 . Parts Field Recycled . | . . . . Retrieved Matter . | . . . . Parts Self-Destructed . | . . . . Prevented . | . . . . Kills | -11 -10 -9 -8 ------- Run | Scr Mat Mat Mat Combat Hostiles Destroyed 47 | . 7 29 11 Guns 45 | . 5 29 11 AOE 2 | . 2 . . Classes Destroyed 10 | . 3 7 . Worker 7 | . . 7 . Builder 1 | . . 1 . Hauler 4 | . . 4 . Recycler 5 | . 1 4 . Operator 1 | . . 1 . Watcher 4 | . . 2 2 Swarmer 15 | . 3 12 . Grunt 22 | . 4 10 8 Duelist 1 | . . 1 . Sentry 9 | . . 6 3 Best Kill Streak 16 | . 3 16 3 Combat Bots Only 9 | . 3 9 2 Max Kills in Single Turn 2 | . 1 2 1 Gunslinging 1 | . . 1 . Exploded 1 | . 1 . . Melee . | . . . . Uniques/NPCs Destroyed . | . . . . Combat | -11 -10 -9 -8 -------- Run | Scr Mat Mat Mat Damage Taken 3920 | . 259 1099 2562 Core 829 | . 67 205 557 Absorbed by Shields . | . . . . Core Remaining (%) 73 | 100 73 48 . Volleys Fired 199 | . 19 124 56 Largest 2 | . 2 2 2 Hottest 70 | . 70 60 70 Shots Fired 351 | . 36 219 96 Gun 349 | . 34 219 96 Cannon . | . . . . Launcher 2 | . 2 . . Special . | . . . . Kinetic 317 | . 19 218 80 Thermal 32 | . 15 1 16 Explosive 2 | . 2 . . Electromagnetic . | . . . . Robot Hit Streak 37 | . 15 28 37 Robot Miss Streak 3 | . 1 3 3 Penetration Max . | . . . . Secondary Targets 8 | . . 7 1 Max Gunslinging Chain 1 | . . 1 1 Shots Hit Robots 287 | . 27 176 84 Core Hits 134 | . 12 73 49 Critical Hits 3 | . . 2 1 Critical Kills 2 | . . 1 1 Critical Parts Destroyed 1 | . . 1 . Melee Attacks . | . . . . Impact . | . . . . Slashing . | . . . . Piercing . | . . . . Sneak Attacks . | . . . . Combat Hostiles . | . . . . Follow-up Attacks . | . . . . Damage Inflicted 4032 | . 439 2405 1188 Guns 3789 | . 253 2358 1178 Cannons . | . . . . Explosions 186 | . 186 . . Melee . | . . . . Ramming 57 | . . 47 10 Kinetic 3421 | . 107 2348 966 Thermal 368 | . 146 10 212 Explosive 186 | . 186 . . Electromagnetic . | . . . . Impact . | . . . . Slashing . | . . . . Piercing . | . . . . Highest Corruption 4 | . . 4 . Average Corruption 4 | . . 4 . Corruption Purged . | . . . . Effects 25 | . . 25 . Message Errors 5 | . . 5 . Matter Fused 4 | . . 4 . Heat Flow Errors 5 | . . 5 . Energy Discharges 3 | . . 3 . Targeting Errors 7 | . . 7 . Weapon Failures 1 | . . 1 . Overload Shots . | . . . . Overflow Damage . | . . . . Projectiles . | . . . . Explosions . | . . . . Melee . | . . . . Knockbacks . | . . . . Impact . | . . . . Kinetic . | . . . . Secondary . | . . . . Self-Inflicted Damage 24 | . . 21 3 Shots . | . . . . Rammed 13 | . . 9 4 Targets Rammed 13 | . . 9 4 Kicked . | . . . . Crushed . | . . . . Highest Temperature 287 | . 163 287 100 Average Temperature 69 | . 53 83 53 Received Heat Transfer 2376 | . 144 432 1800 Effects 1 | . . 1 . Interference 1 | . . 1 . Siege Activations . | . . . . Robots Corrupted . | . . . . Combat Hostiles . | . . . . Parts Fried . | . . . . Impact Corruptions . | . . . . Robots Melted . | . . . . Combat Hostiles . | . . . . Parts Melted . | . . . . Heat Transferred 749 | . 420 25 304 Parts Sabotaged . | . . . . Parts Stolen . | . . . . Parts Stripped . | . . . . Power Chain Reactions . | . . . . Missiles Intercepted . | . . . . Alert | -11 -10 -9 -8 ------- Run | Scr Mat Mat Mat Peak Influence 512 | . 179 512 390 Average Influence 199 | . 56 271 206 Maximum Alert Level 2 | . . 2 1 Low Security (%) 54 | 100 100 29 56 Level 1 34 | . . 45 43 Level 2 11 | . . 24 . Level 3 . | . . . . Level 4 . | . . . . Level 5 . | . . . . High Security . | . . . . Max Security . | . . . . Squads Dispatched 11 | . 1 4 6 Investigation 4 | . 1 1 2 Extermination . | . . . . Reinforcement 7 | . . 3 4 Assault . | . . . . Garrison . | . . . . Intercept . | . . . . Construction Impeded . | . . . . Haulers Reinforced . | . . . . Stealth | -11 -10 -9 -8 --------- Run | Scr Mat Mat Mat Distress Signals 6 | . . 3 3 Communications Jammed . | . . . . Distress Signals . | . . . . Times Spotted 93 | . 7 45 41 Peak Tracking Total 12 | . 3 9 12 Tactical Retreats 3 | . . 1 2 Traps | -11 -10 -9 -8 ------- Run | Scr Mat Mat Mat Traps Triggered 3 | . 2 1 . Indirectly . | . . . . Trap Hack Attempts . | . . . . Triggered . | . . . . Disarmed . | . . . . Reprogrammed . | . . . . Reused . | . . . . Traps Extracted . | . . . . Installed . | . . . . Triggered . | . . . . Machines | -11 -10 -9 -8 ---------- Run | Scr Mat Mat Mat Machines Disabled 1 | . . . 1 Max in Single Turn 1 | . . . 1 Machines Sabotaged . | . . . . Garrisons Compromised . | . . . . Overloaded Fab Kills . | . . . . Fab Network Shutdowns . | . . . . Hacking | -11 -10 -9 -8 --------- Run | Scr Mat Mat Mat Machines Accessed 10 | . 3 2 5 Terminals 6 | . 2 . 4 Fabricators . | . . . . Repair Stations 2 | . 1 1 . Recycling Units . | . . . . Scanalyzers 2 | . . 1 1 Garrison Access . | . . . . Total Hacks 37 | . 11 9 17 Successful 24 | . 7 8 9 Failed 13 | . 4 1 8 Catastrophic . | . . . . Database Lockouts . | . . . . Manual . | . . . . Terminals 20 | . 7 . 13 Fabricators . | . . . . Repair Stations 8 | . 4 4 . Recycling Units . | . . . . Scanalyzers 9 | . . 5 4 Garrison Access . | . . . . Terminal Hacks 11 | . 6 . 5 Robot Analysis 1 | . 1 . . Branch Access Points 1 | . . . 1 Machine Index 1 | . . . 1 Terminal Index 1 | . . . 1 Recycling Unit Index 1 | . 1 . . Scanalyzer Index 1 | . . . 1 Unreport Threat 1 | . . . 1 Dispatch Records 1 | . 1 . . Investigation Status 1 | . 1 . . Registered Components 1 | . 1 . . Zone Layout 1 | . 1 . . Fabricator Hacks . | . . . . Repair Station Hacks 4 | . 1 3 . Scan Component 3 | . 1 2 . Repair 1 | . . 1 . Recycling Unit Hacks . | . . . . Scanalyzer 9 | . . 5 4 Insert Component 7 | . . 3 4 Analyze 2 | . . 2 . Garrison Access Hacks . | . . . . Unauthorized Hacks . | . . . . Terminals . | . . . . Fabricators . | . . . . Repair Stations . | . . . . Recycling Units . | . . . . Scanalyzers . | . . . . Garrison Access . | . . . . Data Cores Recovered . | . . . . Used . | . . . . Hacking Detections 9 | . 2 2 5 Full Trace Events 4 | . . 1 3 Feedback Events . | . . . . Feedback Blocked . | . . . . Robot Schematics Acquired . | . . . . Robots Built . | . . . . Matter . | . . . . Time . | . . . . Total Robot Build Rating . | . . . . Part Schematics Acquired 2 | . . 2 . Parts Built . | . . . . Matter . | . . . . Time . | . . . . Total Part Build Rating . | . . . . Parts Repaired 1 | . . 1 . Time 26 | . . 26 . Parts Recycled . | . . . . Recycled Matter . | . . . . Retrieved Matter . | . . . . Retrieved Components . | . . . . Parts Scanalyzed 2 | . . 2 . Part Schematics Acquired 2 | . . 2 . Parts Damaged . | . . . . Bothacking | -11 -10 -9 -8 ------------ Run | Scr Mat Mat Mat Used RIF Installer . | . . . . Robots Hacked . | . . . . Non-combat . | . . . . Combat . | . . . . Robot Hacks Applied . | . . . . Relay Couplers Released . | . . . . Robots Rewired . | . . . . Allies Hacked . | . . . . Hacks Repelled . | . . . . Allies | -11 -10 -9 -8 -------- Run | Scr Mat Mat Mat Total Allies . | . . . . Largest Group . | . . . . Highest-Rated Group . | . . . . Highest-Rated Ally . | . . . . Total Orders . | . . . . Ally Attacks . | . . . . Total Damage . | . . . . Kills . | . . . . Allies Corrupted . | . . . . Allies Melted . | . . . . Intel | -11 -10 -9 -8 ------- Run | Scr Mat Mat Mat Robot Analysis Total 1 | . 1 . . Derelict Logs Recovered . | . . . . Drone Launches . | . . . . Drone Recoveries . | . . . . Exploration | -11 -10 -9 -8 ------------- Run | Scr Mat Mat Mat Turns Passed 2458 | 63 508 1113 774 Spaces Moved 1074 | 41 247 421 365 Core 39 | 13 6 16 4 Treads 369 | 28 102 . 239 Legs 388 | . 54 212 122 Wheels . | . . . . Hover 278 | . 85 193 . Flight . | . . . . Fastest Speed 50 | 50 150 52 150 Average Speed 158 | 130 173 151 158 Slowest Speed 600 | 160 250 600 300 Overloaded Moves . | . . . . Propulsion Burnouts . | . . . . Robots Hopped . | . . . . Cave-ins Triggered . | . . . . Exploration Rate (%) 29 | 3 44 37 33 Regions Visited 3 Branch Regions . Pre-discovered Areas . | . . . . Known Exits Taken . | . . . . Unknown Exits Taken 3 | 1 1 1 . Scrap Searched . | . . . . Spaces Dug . | . . . . Terrain Destroyed 5 | . 5 . . Melee . | . . . . Projectile . | . . . . AOE 5 | . 5 . . Actions | -11 -10 -9 -8 --------- Run | Scr Mat Mat Mat Total 1473 | 47 292 669 465 Wait 99 | . 10 78 11 Move 1071 | 40 246 420 365 Hop . | . . . . Pick Up 15 | . 3 6 6 Fast Attach 25 | 6 5 7 7 Attach 12 | . 2 6 4 Detach 1 | . 1 . . Swap 20 | 1 3 12 4 Drop 18 | . 3 7 8 Fire 199 | . 19 124 56 Melee . | . . . . Ram 9 | . . 9 . Kick 2 | . . . 2 Crush 2 | . . . 2 Escape Stasis . | . . . . Rewire . | . . . . Trap . | . . . . Miscellaneous . | . . . . Route ------- -11/Scrapyard -10/Materials -9/Materials -8/Materials (discovered 2 exits: Sto x2) History --------- Turn | Location | Event 3 | -11/Scrapyard | Discovered new exit (range 15) 64 | -11/Scrapyard | Entered Materials 304 | -10/Materials | Build established: Mutant 540 | -10/Materials | Discovered new exit (range 13) 572 | -10/Materials | Entered another Materials area 572 | -9/Materials | Evolved 2 slots: Power x1, Propulsion x1 1008 | -9/Materials | Destroyed 9 combat bots 1470 | -9/Materials | Core integrity fell below 50% 1494 | -9/Materials | Lost 4 parts (1p1n2w) 1539 | -9/Materials | Discovered new exit (range 14) 1623 | -9/Materials | Repaired Lgt. Assault Rifle 1685 | -9/Materials | Entered another Materials area 1685 | -8/Materials | Evolved 2 slots: Power x1, Utility x1 1779 | -8/Materials | Build established: Scavenger-Mutant 2199 | -8/Materials | Identified exit to Storage 2361 | -8/Materials | Lost 12 parts (3p3n2u4w) 2387 | -8/Materials | Core integrity fell below 50% 2447 | -8/Materials | Core integrity fell below 20% 2459 | -8/Materials | Destroyed by G-47 Trooper with Particle Gun Last Messages --------------- 02309_ Imp. Ion Engine destroyed. 02319_ Slammed into Y-45 Defender. 02322_ Slammed into O-24 Administrator. 02328_ Med. Treads destroyed. 02330_ Imp. Medium Armor Plating destroyed. 02333_ Acquired Carbon-fiber Leg. 02335_ Slammed into G-47 Trooper. 02361_ T-07 Excavator is excavating. 02361_ M-13 Machinist destroyed. 02365_ T-07 Excavator is excavating. 02375_ Acquired Spread Laser. 02387_ G-47 Trooper destroyed. 02387_ K-01 Serf collects debris. 02390_ Med. Treads destroyed. 02397_ G-47 Trooper destroyed. 02405_ Spread Laser destroyed. 02411_ Material Compactor disabled. 02425_ ALERT: Hostiles spotted, dispatching reinforcements to Terminal M005. 02429_ Slammed into K-01 Serf. 02449_ Carbon-fiber Leg destroyed. Map ----- +----------------------------------------------------+ | ??????????????????????????????????????????# #* | | ??????????????????????????????????????????# #% | | ??????????????????????????????????????????# /= | | ??????????????????????????????????????????# ### | | ??????????????????????????????????????????# | | ??????????????????????????????????????????#%% ### | | ??????????????????????????????????????######/#### | | ??????????????????????????????????????# [! | | ??????????????????????????????????????# """ | | ?????????????????????????????##+####### """"" | | ?????????????????????????????# / """"" | | ?????????????????????????????# ###### """" | | ?????????????????????????????# #????# """ | | ?????????????????????????????# #????# | | ?????????????????????????????# #????########### | | ?????????????????????????????# #??????????????? | | ????????????????????????????## ##?????????????? | | ???????????#######+######+### #?????????????? | | ?????????? = #???????????##? | | ?????????? T +??????????##!! | | ?????????? g #??????????#! | | ?????????????#####+######g### #??????????#! | | ???????????????????????# gg #### #??????????#! | | ???????????????????????#gg #??? #??????????#! | | ???????????????????????# #??? #???????????#!! | | ???????????????????????#@ #??? #???????????### | | ???????????????????????# #??? #?????????????? | | ???????????????????????# #??? #?????????????? | | ???????????????????????# ! #???? #?????????????? | | ???????????????????????# #???? ??????????????? | | ???????????????????????# #?????????????????### | | ???????????????????????######?????????????##### # | | ??????????????????????????????????????????# !! | | ??????????????????????????????????????????# ]!![! | | ??????????????????????????????????????????# ]! *! | | ??????????????????????????????????????????# ]! * | | ??????????????????????????????????????????# | | ???????????????????????????????? ##+#########+## | | ???????????????????????????????+ | | ???????????????????????????????# ! | | ???????????????????????????????# """"" # | | ???????????????????????????????# """""""" # | | ???????????????????????????????# """ "" # | | ???????????????????????????????# | | ???????????????????????????????# % | | ???????????????????????????????? ######### | | ??????????????????????????????????????????# # | | ??????????????????????????????????????????## ## | | ???????????????????????????????????????????# ## | | ???????????????????????????????????????????# ## | +----------------------------------------------------+ Best States ------------- Heat Dissipation 53 Energy Generation 28 Energy Capacity 565 Matter Stores 300 Matter Capacity 300 Sight Range 16 Terrain Scan Density 10 Armor Coverage 225 Resistance: KI 20 Resistance: TH 20 Resistance: EX 20 Resistance: EM 20 Resistance: I 20 Resistance: S 20 Resistance: P 20 Utility Shielding 33 Evasion (%) 54 Recoil Reduction 3 Offensive Hacking 20 Item Schematics ----------------- Med. Laser | -9/Materials | Scanalyzed Ion Engine | -9/Materials | Scanalyzed Robot Schematics ------------------ None Fabricated ------------ Nothing Alien Tech Used ----------------- None Achievements -------------- None Challenges ------------ None Game ------ Seed SwordSurveybotMatter Manual? 0 Play Time 00:25:47 Cumulative 19.1 hours Start 2020.07.11 @ 23:10:09 End 2020.07.11 @ 23:33:53 Sessions 1 Manual Loads 0 Difficulty Adventurer Special Mode None Game No. 29 Rogue 0 Adventurer 29 Explorer 0 Win Type - Total 0 Types 0/0/0/0/0/0/0 Lore% 20 Gallery% 23 Achievement% 17 Wizard Run 0 Options --------- ASCII 0 Keyboard 1 Movement Numpad Keybinds 0 Fullscreen 1 Font 12/Smallcaps Map View 83x54 Tactical HUD 1 Map Filters NONE Filters NONE Steam 1 RUN: ef5a75ed-b882-4ad2-911d-56faa4e83892